Map: [ESL] Data-C

Players

ShoWTimE - Winner!

  • Race: Protoss Protoss
  • Spawn Location: 9:00

Gerald

  • Race: Protoss Protoss
  • Spawn Location: 3:00

Event: DreamHack SC2 Masters 2022 Atlanta (Online)

VOD

Have the link to the VOD?

Description

Time

  • Played on: Oct. 6, 2022, 2:32 p.m.
  • Length: 40:43

All games in this series

Show
View Real Time Build Order
Export as new Build Order

ShoWTimE Protoss - Winner!

Build Orders: Oracle Opening 

Get SALT Encoding   

  12  0:00  Probe  
  13  0:12  Probe  
  14  0:17  Pylon  
  14  0:24  Probe (Chrono Boost)  
  15  0:36  Probe (Chrono Boost)  
  15  0:38  Gateway  
  16  0:44  Probe (Chrono Boost)  
  16  0:47  Assimilator  
  17  0:51  Probe  
  18  1:03  Probe (Chrono Boost)  
  19  1:14  Pylon  
  19  1:15  Probe (Chrono Boost)  
  19  1:16  Assimilator  
  20  1:23  Probe (Chrono Boost)  
  21  1:25  Cybernetics Core  
  21  1:29  Probe  
  22  1:33  Zealot  
  24  1:41  Probe  
  25  1:53  Probe  
  26  2:02  Adept (Chrono Boost)  
  26  2:04  Stargate  
  26  2:05  Probe  
  26  2:08  Pylon  
  29  2:12  Warp Gate  
  29  2:17  Probe  
  30  2:26  Pylon  
  30  2:28  Stalker  
  32  2:33  Probe  
  33  2:49  Oracle  
  36  3:05  Nexus  
  36  3:09  Probe  
  37  3:15  Pylon  
  37  3:21  Probe  
  38  3:27  Twilight Council  
  38  3:33  Probe  
  39  3:38  Gateway  
  39  3:46  Probe  
  40  3:54  Shield Battery  
  40  3:58  Probe  
  40  4:00  Blink (Chrono Boost)  
  40  4:02  Stalker  
  43  4:10  Probe  
  44  4:22  Probe x2  
  46  4:25  Stalker  
  48  4:34  Probe x2, Pylon  
  50  4:39  Stalker  
  52  4:45  Gateway  
  52  4:46  Probe  
  52  4:49  Probe  
  54  4:57  Gateway  
  54  4:58  Probe  
  55  5:01  Stalker  
  55  5:07  Stalker  
  55  5:10  Pylon  
  57  5:21  Nexus  
  57  5:25  Probe x2  
  58  5:29  Stalker  
  58  5:34  Stalker  
  62  5:37  Probe x2  
  62  5:40  Pylon  
  62  5:41  Assimilator  
  64  5:43  Stalker  
  64  5:49  Probe  
  68  5:50  Probe  
  68  5:54  Forge  
  68  5:56  Pylon  
  68  6:01  Probe  
  68  6:02  Stalker x2  
  73  6:06  Stalker  
  73  6:07  Probe  
  76  6:14  Probe  
  76  6:16  Gateway  
  77  6:20  Charge  
  77  6:21  Probe  
  77  6:23  Protoss Ground Weapons Level 1 (Chrono Boost)  
  78  6:26  Probe  
  78  6:28  Stalker  
  81  6:33  Probe x2  
  81  6:38  Probe  
  81  6:39  Stalker  
  86  6:40  Stalker  
  86  6:45  Probe x2 (Chrono Boost)  
  87  6:54  Probe (Chrono Boost)  
  86  6:57  Probe (Chrono Boost)  
  86  6:59  Probe (Chrono Boost)  
  85  7:02  Robotics Facility  
  85  7:05  Probe (Chrono Boost)  
  85  7:06  Probe (Chrono Boost)  
  85  7:07  Probe (Chrono Boost)  
  85  7:08  Stalker x3, Assimilator  
  88  7:09  Probe (Chrono Boost)  
  88  7:11  Probe  
  88  7:12  Probe  
  97  7:22  Gateway x2  
  97  7:27  Probe x2  
  99  7:30  Pylon  
  99  7:32  Shield Battery  
  99  7:41  Stalker, Pylon  
  101  7:46  Photon Cannon  
  101  7:47  Pylon  
  101  7:54  Nexus  
  101  7:56  Observer (Chrono Boost)  
  102  7:59  Stalker x3  
  109  8:05  Probe  
  109  8:06  Probe x2  
  109  8:11  Observer (Chrono Boost), Protoss Ground Weapons Level 2 (Chrono Boost)  
  109  8:12  Stalker  
  113  8:17  Probe  
  113  8:18  Probe  
  114  8:21  Nexus  
  114  8:24  Shield Battery, Pylon  
  114  8:28  Stalker x4  
  114  8:29  Probe x2  
  114  8:34  Probe  
  125  8:40  Pylon  
  123  8:41  Probe  
  123  8:45  Probe  
  123  8:46  Probe, Photon Cannon  
  126  8:50  Stalker  
  126  8:51  Stalker x2  
  132  8:55  Photon Cannon  
  132  8:57  Observer  
  131  9:05  Stalker x3  
  137  9:14  Observer, Pylon  
  137  9:16  Photon Cannon  
  137  9:18  Observer  
  137  9:19  Probe x2  
  137  9:20  Probe, Gateway  
  137  9:21  Gateway  
  141  9:32  Probe x2  
  141  9:37  Observer, Stalker  
  141  9:38  Stalker x4  
  152  9:48  Robotics Bay, Probe x2  
  152  9:50  Probe x2, Assimilator  
  152  9:51  Assimilator  
  152  9:52  Robotics Facility  
  156  10:00  Pylon  
  156  10:03  Stalker x3  
  156  10:04  Zealot  
  164  10:08  Pylon  
  164  10:10  Pylon  
  146  10:22  Probe x3  
  146  10:24  Stalker  
  146  10:26  Observer  
  146  10:27  Zealot x7  
  164  10:29  Nexus  
  164  10:32  Probe, Assimilator  
  164  10:34  Assimilator  
  164  10:35  Disruptor (Chrono Boost), Probe  
  166  10:36  Probe  
  166  10:37  Disruptor (Chrono Boost)  
  173  10:47  Photon Cannon  
  173  10:48  Photon Cannon  
  172  10:56  Photon Cannon  
  172  10:58  Shield Battery  
  172  11:00  Pylon  
  172  11:02  Probe  
  172  11:03  Probe x2  
  175  11:05  Zealot x6, Observer (Chrono Boost)  
  175  11:08  Protoss Ground Weapons Level 3 (Chrono Boost), Pylon  
  188  11:15  Disruptor (Chrono Boost)  
  180  11:22  Disruptor (Chrono Boost)  
  186  11:30  Gravitic Boosters (Chrono Boost), Zealot x2  
  186  11:31  Zealot x5  
  190  11:44  Protoss Air Weapons Level 1 (Chrono Boost)  
  190  11:46  Photon Cannon  
  180  11:47  Disruptor, Photon Cannon  
  180  11:49  Photon Cannon  
  180  11:51  Fleet Beacon, Pylon  
  183  11:55  Observer  
  182  12:02  Stargate  
  182  12:04  Stargate, Assimilator  
  182  12:05  Probe  
  182  12:07  Assimilator  
  181  12:19  Observer  
  182  12:36  Tempest (Chrono Boost)  
  182  12:40  Observer  
  187  12:45  Nexus  
  187  12:46  Pylon  
  187  12:51  Disruptor  
  163  13:01  Disruptor  
  163  13:04  Tempest x2 (Chrono Boost)  
  166  13:06  Zealot x8  
  182  13:13  Gateway  
  182  13:14  Gateway  
  182  13:15  Photon Cannon  
  182  13:16  Tempest (Chrono Boost)  
  182  13:17  Photon Cannon, Gateway  
  182  13:19  Pylon  
  187  13:20  Gateway  
  187  13:24  Gateway  
  187  13:25  Protoss Air Weapons Level 2 (Chrono Boost)  
  187  13:26  Disruptor  
  187  13:30  Photon Cannon  
  187  13:31  Photon Cannon  
  190  13:39  Observer  
  191  13:45  Photon Cannon  
  194  13:48  Photon Cannon  
  194  13:50  Photon Cannon  
  194  13:52  Shield Battery  
  194  13:53  Oracle (Chrono Boost)  
  194  13:55  Pylon  
  194  13:56  Photon Cannon  
  194  13:57  Tempest (Chrono Boost)  
  194  13:58  Photon Cannon  
  194  14:00  Photon Cannon  
  199  14:05  Dark Shrine  
  199  14:16  Photon Cannon  
  197  14:19  Pylon  
  197  14:22  Assimilator  
  197  14:26  Protoss Shields Level 1 (Chrono Boost)  
  194  14:45  Photon Cannon  
  194  14:47  Photon Cannon  
  194  14:48  Photon Cannon  
  194  14:54  Gateway  
  194  14:57  Gateway  
  194  14:58  Gateway  
  194  15:05  Cybernetics Core  
  194  15:08  Zealot x3  
  200  15:16  Shadow Stride (Chrono Boost)  
  200  15:19  Unknown  
  194  15:22  Tempest  
  193  15:33  Disruptor  
  193  15:34  Disruptor  
  182  15:38  Stalker x8  
  196  15:54  Observer  
  194  16:00  Oracle  
  193  16:10  Observer  
  189  16:11  Assimilator  
  189  16:15  Observer  
  190  16:18  Protoss Air Armor Level 1 (Chrono Boost)  
  190  16:21  Tempest (Chrono Boost)  
  190  16:23  Nexus  
  190  16:24  Protoss Air Weapons Level 3 (Chrono Boost)  
  200  16:28  Tempest (Chrono Boost)  
  200  16:46  Stalker x8  
  191  16:55  Disruptor, Tempest (Chrono Boost)  
  191  16:58  Tempest (Chrono Boost)  
  187  17:05  Stalker x6  
  187  17:08  Protoss Ground Armor Level 1 (Chrono Boost), Pylon  
  199  17:19  Stargate  
  199  17:20  Stargate  
  195  17:27  Disruptor  
  198  17:31  Tempest  
  198  17:40  Stargate  
  190  17:54  Stalker x10  
  191  18:05  Tempest (Chrono Boost)  
  194  18:09  Tempest (Chrono Boost)  
  194  18:11  Tempest x2 (Chrono Boost)  
  178  18:13  Oracle (Chrono Boost)  
  191  18:23  Pylon  
  191  18:25  Pylon  
  191  18:27  Unknown  
  189  18:45  Tempest x2  
  196  18:48  Dark Templar x2  
  196  18:52  Photon Cannon  
  196  18:54  Photon Cannon  
  200  18:56  Photon Cannon  
  200  18:58  Photon Cannon  
  200  19:00  Shield Battery  
  200  19:02  Shield Battery  
  200  19:04  Pylon  
  200  19:06  Protoss Shields Level 2 (Chrono Boost)  
  200  19:14  Protoss Air Armor Level 2 (Chrono Boost)  
  172  19:20  Disruptor x2  
  172  19:21  Zealot  
  172  19:22  Zealot x7  
  187  19:26  Zealot  
  187  19:27  Stalker x4  
  187  19:28  Stalker  
  175  19:32  Stalker x2  
  175  19:34  Tempest x3 (Chrono Boost)  
  166  19:39  Tempest (Chrono Boost)  
  166  19:42  Zealot  
  166  19:44  Tempest (Chrono Boost)  
  168  19:48  Stalker x4  
  170  19:54  Disruptor (Chrono Boost)  
  169  20:09  Oracle  
  169  20:10  Tempest  
  169  20:12  Observer (Chrono Boost)  
  172  20:15  Tempest  
  172  20:18  Dark Templar x2  
  186  20:23  Observer (Chrono Boost)  
  186  20:26  Observer (Chrono Boost)  
  188  20:36  Zealot x4  
  188  20:38  Observer  
  188  20:41  Oracle  
  188  20:42  Nexus  
  190  20:43  Pylon  
  190  20:49  Mothership (Chrono Boost)  
  190  20:52  Pylon  
  198  21:05  Photon Cannon  
  198  21:06  Photon Cannon  
  197  21:12  Dark Templar  
  197  21:16  Photon Cannon  
  197  21:18  Photon Cannon, Tempest (Chrono Boost)  
  197  21:28  Oracle x2 (Chrono Boost)  
  197  21:29  Tempest (Chrono Boost)  
  197  21:39  Tempest (Chrono Boost)  
  197  21:44  Stalker  
  197  21:56  Protoss Ground Armor Level 2 (Chrono Boost)  
  197  21:57  Disruptor  
  193  22:30  Protoss Air Armor Level 3 (Chrono Boost)  
  193  22:39  Tempest  
  193  22:52  Tempest  
  193  22:56  Zealot x2  
  200  23:01  Zealot x2  
  200  23:02  Zealot  
  193  23:12  Stalker  
  193  23:13  Stalker x2  
  193  23:14  Observer  
  193  23:17  Observer  
  197  23:20  Oracle  
  197  23:25  Dark Templar  
  200  23:44  Assimilator  
  200  23:46  Oracle  
  197  23:49  Assimilator  
  197  24:06  Observer x2  
  198  24:22  Nexus  
  198  24:23  Protoss Shields Level 3 (Chrono Boost)  
  196  24:24  Pylon  
  196  24:27  Tempest  
  198  24:45  Observer, Photon Cannon  
  199  24:46  Photon Cannon  
  199  24:48  Photon Cannon  
  199  24:49  Photon Cannon  
  199  24:52  Shield Battery  
  199  24:53  Shield Battery  
  199  24:54  Gateway  
  199  24:55  Shield Battery  
  199  24:56  Gateway  
  199  24:57  Pylon  
  199  24:59  Gateway  
  190  25:01  Gateway  
  190  25:03  Tempest x2  
  196  25:11  Assimilator  
  196  25:16  Assimilator  
  196  25:20  Photon Cannon  
  196  25:22  Archon, Photon Cannon  
  196  25:24  Shield Battery  
  196  25:27  Pylon x2  
  191  25:43  Pylon x2  
  191  25:44  Pylon  
  191  25:45  Tempest  
  196  26:24  Observer  
  195  26:41  Observer  
  196  26:54  Gateway  
  196  26:57  Gateway  
  196  26:58  Gateway  
  196  27:15  Pylon  
  196  27:17  Cybernetics Core  
  196  27:18  Protoss Ground Armor Level 3 (Chrono Boost)  
  196  27:39  Gateway x2  
  196  27:42  Gateway  
  196  27:44  Gateway  
  196  27:47  Gateway  
  196  27:53  Gateway  
  196  28:05  Warp Prism (Chrono Boost)  
  180  28:14  Templar Archives  
  180  28:23  Observer  
  180  28:27  Zealot x9  
  180  28:28  Zealot x6  
  180  28:29  Observer  
  180  28:33  Observer  
  196  28:54  Pylon  
  195  29:19  Observer  
  195  29:36  High Templar x2  
  199  29:41  Archon  
  179  30:10  High Templar x14  
  199  30:14  Archon x6  
  199  30:15  Archon  
  199  30:28  Observer  
  200  30:47  Warp Prism (Chrono Boost)  
  183  30:52  High Templar x5  
  183  30:53  High Templar  
  183  30:57  Archon x3  
  198  30:59  Stalker  
  198  31:01  Stalker x6  
  198  31:02  Stalker  
  186  31:21  Stalker x7  
  192  31:48  Observer  
  189  31:54  Zealot x5  
  193  32:36  Stalker x7  
  200  32:50  Stalker  
  200  32:51  Observer  
  191  33:04  Stalker x8  
  191  33:05  Stalker x2  
  199  33:11  Observer  
  153  33:20  Stalker x11  
  153  33:21  Stalker x5  
  153  33:22  Stalker x2  
  151  33:39  Stalker x7  
  151  33:40  Stalker x3  
  143  33:44  Stalker x6  
  143  33:45  Stalker x10  
  158  33:49  Stalker x3  
  158  33:53  Observer (Chrono Boost)  
  158  33:54  Observer (Chrono Boost)  
  163  34:01  Oracle (Chrono Boost)  
  163  34:04  Stalker x10  
  163  34:06  Disruptor (Chrono Boost), Oracle (Chrono Boost)  
  163  34:07  Observer (Chrono Boost)  
  181  34:27  Observer  
  176  34:35  Zealot x9  
  176  34:36  Zealot x3  
  200  34:51  Disruptor (Chrono Boost)  
  192  35:01  Disruptor (Chrono Boost)  
  192  35:19  Disruptor  
  195  35:25  Observer  
  195  35:27  Stalker x9  
  195  35:28  Zealot x6, Stalker  
  189  35:29  Zealot x2  
  199  35:36  Observer  
  195  35:53  Observer  
  190  36:56  Zealot x3  
  190  36:57  Zealot x3  
  197  37:11  Stalker  
  184  37:28  Zealot x4  
  184  37:29  Zealot x2  
  189  37:30  Observer  
  190  37:39  Oracle (Chrono Boost)  
  188  37:46  Oracle (Chrono Boost)  
  191  37:56  High Templar x3  
  191  37:57  High Templar  
  199  38:03  Archon  
  199  38:04  Archon  
  195  38:17  Stalker x4  
  174  38:36  Stalker x8  
  174  38:37  Stalker x2  
  133  38:56  Stalker x4  
  133  38:57  Stalker x14  
  160  39:05  Tempest x4  
  173  39:14  Zealot x9  
  183  39:42  Zealot x3  
  173  39:48  Observer x2  
  167  40:12  Zealot x4  
  155  40:22  Stalker  
Show
View Real Time Build Order
Export as new Build Order

Gerald Protoss 

Build Orders: Oracle Opening, Phoenix Opening 

Get SALT Encoding   

  12  0:00  Probe  
  13  0:12  Probe  
  14  0:17  Pylon  
  14  0:24  Probe (Chrono Boost)  
  16  0:36  Probe (Chrono Boost)  
  16  0:38  Gateway  
  16  0:42  Probe (Chrono Boost)  
  16  0:46  Assimilator  
  17  0:50  Probe  
  17  0:54  Assimilator  
  18  1:03  Probe (Chrono Boost)  
  19  1:08  Gateway  
  20  1:12  Probe (Chrono Boost)  
  20  1:17  Probe (Chrono Boost)  
  21  1:26  Cybernetics Core  
  21  1:30  Probe  
  22  1:39  Pylon  
  22  1:42  Probe  
  23  1:54  Pylon  
  23  1:57  Probe  
  24  2:06  Stalker  
  24  2:08  Stalker  
  28  2:13  Probe  
  28  2:14  Pylon  
  29  2:16  Warp Gate  
  29  2:23  Pylon  
  29  2:32  Probe  
  29  2:34  Stargate  
  29  2:44  Probe  
  29  2:51  Shield Battery  
  30  2:57  Probe  
  31  3:00  Shield Battery  
  31  3:12  Nexus  
  31  3:15  Probe  
  32  3:22  Shield Battery  
  32  3:26  Phoenix (Chrono Boost)  
  34  3:29  Probe  
  35  3:38  Pylon  
  35  3:41  Probe  
  39  3:56  Probe (Chrono Boost)  
  39  3:58  Oracle  
  39  4:00  Shield Battery  
  40  4:06  Probe (Chrono Boost)  
  41  4:11  Probe (Chrono Boost)  
  41  4:12  Twilight Council  
  42  4:20  Stalker  
  44  4:26  Probe x2  
  46  4:34  Oracle (Chrono Boost)  
  49  4:39  Probe (Chrono Boost)  
  49  4:44  Probe (Chrono Boost)  
  51  4:49  Probe (Chrono Boost)  
  51  4:52  Probe (Chrono Boost), Stalker  
  55  4:53  Stalker  
  55  4:57  Blink (Chrono Boost)  
  57  5:01  Probe  
  57  5:03  Probe  
  57  5:04  Assimilator  
  59  5:15  Pylon  
  59  5:16  Probe  
  60  5:27  Gateway  
  60  5:28  Gateway  
  60  5:30  Stalker  
  62  5:37  Nexus  
  62  5:41  Shield Battery  
  62  5:45  Probe  
  62  5:48  Probe  
  64  5:50  Stalker  
  66  5:57  Probe  
  66  5:59  Forge  
  66  6:01  Stalker  
  69  6:05  Probe  
  69  6:08  Pylon  
  70  6:15  Pylon  
  70  6:18  Robotics Facility, Probe  
  69  6:19  Assimilator  
  69  6:24  Pylon  
  69  6:25  Probe  
  69  6:29  Stalker  
  72  6:34  Stalker x2  
  72  6:35  Probe  
  77  6:40  Probe  
  77  6:41  Pylon  
  78  6:47  Probe  
  78  6:53  Stalker  
  81  6:55  Stalker  
  81  6:56  Probe (Chrono Boost)  
  81  6:57  Shield Battery  
  85  7:01  Probe (Chrono Boost)  
  85  7:02  Dark Shrine  
  85  7:03  Protoss Ground Weapons Level 1 (Chrono Boost)  
  85  7:04  Probe (Chrono Boost)  
  87  7:08  Probe (Chrono Boost)  
  87  7:12  Probe (Chrono Boost)  
  87  7:14  Probe (Chrono Boost)  
  87  7:15  Observer, Probe (Chrono Boost)  
  91  7:17  Probe (Chrono Boost)  
  91  7:19  Probe (Chrono Boost)  
  91  7:22  Probe  
  93  7:23  Robotics Bay  
  93  7:24  Stalker  
  96  7:30  Adept x2  
  96  7:33  Probe  
  96  7:35  Probe x2  
  103  7:41  Stalker  
  105  7:45  Probe  
  105  7:46  Pylon  
  105  7:47  Probe  
  105  7:48  Assimilator  
  105  7:50  Assimilator  
  107  7:54  Pylon  
  107  7:57  Nexus  
  107  8:02  Robotics Facility  
  107  8:15  Stalker x4  
  111  8:20  Probe  
  111  8:23  Gateway  
  111  8:26  Gateway, Pylon  
  111  8:27  Probe  
  113  8:30  Shield Battery  
  113  8:32  Photon Cannon  
  105  8:38  Stalker x3  
  109  8:44  Disruptor (Chrono Boost)  
  109  8:45  Pylon  
  113  8:50  Shield Battery, Photon Cannon  
  113  8:55  Probe  
  116  8:56  Disruptor (Chrono Boost)  
  114  9:04  Stalker x2  
  114  9:05  Probe (Chrono Boost)  
  114  9:07  Photon Cannon  
  114  9:09  Protoss Ground Weapons Level 2 (Chrono Boost)  
  120  9:19  Disruptor, Probe x2 (Chrono Boost)  
  120  9:20  Probe (Chrono Boost)  
  120  9:21  Assimilator  
  120  9:23  Disruptor  
  127  9:26  Probe (Chrono Boost)  
  127  9:32  Probe  
  127  9:37  Probe  
  129  9:38  Probe  
  129  9:39  Pylon  
  129  9:40  Probe  
  129  9:42  Assimilator  
  129  9:44  Probe  
  129  9:45  Gateway  
  132  9:46  Gateway  
  132  9:48  Gravitic Boosters (Chrono Boost), Fleet Beacon  
  132  9:49  Probe  
  133  9:56  Observer  
  133  9:57  Photon Cannon  
  133  9:58  Disruptor  
  137  10:02  Stalker  
  137  10:03  Stalker x2  
  142  10:14  Stalker x3  
  148  10:22  Probe  
  148  10:24  Probe x2  
  148  10:25  Probe  
  152  10:29  Disruptor  
  152  10:31  Pylon  
  152  10:33  Pylon  
  152  10:34  Disruptor, Probe  
  159  10:35  Pylon  
  159  10:36  Probe  
  159  10:42  Nexus  
  160  10:45  Pylon  
  160  10:46  Stalker x2  
  162  10:53  Dark Templar x4  
  162  10:57  Dark Templar x2  
  170  11:00  Shadow Stride  
  172  11:04  Disruptor, Charge (Chrono Boost)  
  172  11:10  Photon Cannon  
  172  11:11  Shield Battery  
  175  11:12  Photon Cannon  
  168  11:20  Stalker x2  
  171  11:27  Disruptor  
  170  11:34  Stalker x3  
  164  11:43  Probe  
  164  11:46  Photon Cannon  
  164  11:47  Shield Battery  
  168  11:49  Stalker x5  
  168  11:51  Photon Cannon  
  168  11:54  Shield Battery, Pylon  
  177  11:56  Pylon  
  177  12:01  Photon Cannon  
  177  12:02  Shield Battery  
  177  12:04  Pylon  
  177  12:08  Zealot, Observer (Chrono Boost)  
  178  12:09  Zealot x2  
  178  12:10  Disruptor (Chrono Boost)  
  178  12:11  Shield Battery  
  178  12:13  Mothership  
  189  12:30  Observer  
  189  12:35  Stalker x5  
  188  12:54  Disruptor x2  
  188  12:56  Zealot x3  
  185  13:00  Pylon  
  185  13:07  Probe  
  185  13:08  Zealot x5  
  185  13:09  Protoss Ground Weapons Level 3 (Chrono Boost), Probe x3  
  185  13:10  Assimilator  
  199  13:15  Assimilator  
  199  13:19  Probe  
  200  13:27  Gateway  
  200  13:29  Gateway  
  200  13:32  Gateway  
  200  13:36  Gateway  
  200  13:37  Robotics Facility  
  200  13:40  Pylon  
  200  13:45  Observer  
  200  13:55  Stargate x2  
  200  13:58  Stargate, Protoss Air Weapons Level 1 (Chrono Boost)  
  198  14:10  Observer  
  198  14:18  Observer  
  198  14:20  Stalker  
  196  14:53  Stargate  
  196  14:57  Cybernetics Core  
  196  14:59  Tempest x2 (Chrono Boost), Pylon  
  198  15:10  Nexus  
  196  15:17  Observer  
  191  15:33  Tempest  
  196  15:36  Dark Templar x2  
  196  15:51  Zealot  
  196  15:52  Zealot x2  
  196  15:56  Observer  
  198  16:01  Tempest  
  193  16:07  Observer  
  193  16:09  Pylon  
  193  16:10  Protoss Shields Level 1 (Chrono Boost)  
  194  16:12  Assimilator  
  194  16:18  Assimilator  
  194  16:22  Protoss Air Armor Level 1 (Chrono Boost), Pylon  
  194  16:23  Pylon  
  194  16:24  Tempest  
  198  16:29  Protoss Air Weapons Level 2 (Chrono Boost)  
  198  16:31  Disruptor x2  
  198  16:32  Disruptor  
  194  16:37  Stalker x9  
  194  16:38  Stalker  
  200  16:46  Tempest  
  200  16:47  Tempest  
  178  17:01  Tempest  
  178  17:02  Mothership  
  178  17:07  Disruptor, Photon Cannon  
  194  17:09  Photon Cannon  
  194  17:11  Photon Cannon  
  194  17:12  Tempest  
  194  17:13  Photon Cannon  
  194  17:14  Shield Battery  
  194  17:15  Shield Battery, Observer  
  200  17:17  Shield Battery  
  200  17:20  Photon Cannon  
  182  17:31  Tempest  
  182  17:32  Tempest  
  189  17:45  Zealot x5  
  190  17:51  Disruptor  
  190  17:53  Tempest (Chrono Boost)  
  190  17:55  Tempest (Chrono Boost)  
  174  18:07  Stalker x8  
  174  18:08  Stalker x4  
  174  18:12  Tempest (Chrono Boost)  
  191  18:13  Disruptor  
  199  18:20  Observer  
  200  18:37  Protoss Shields Level 2 (Chrono Boost)  
  200  18:45  Nexus  
  200  18:46  Pylon  
  200  18:49  Photon Cannon x2  
  200  18:52  Pylon  
  200  18:54  Assimilator  
  200  18:59  Assimilator  
  200  19:01  Protoss Air Armor Level 2 (Chrono Boost)  
  199  19:06  Protoss Air Weapons Level 3 (Chrono Boost)  
  196  19:21  Stalker x2  
  196  19:22  Stalker x4  
  167  19:37  Disruptor  
  168  19:38  Stalker x3  
  168  19:39  Stalker x3  
  164  20:01  Disruptor x2  
  164  20:02  Observer  
  170  20:07  Tempest (Chrono Boost)  
  170  20:08  Tempest x3 (Chrono Boost)  
  190  20:21  Nexus  
  190  20:23  Pylon  
  190  20:26  Unknown  
  190  20:32  Nexus  
  190  20:34  Pylon  
  190  20:37  Assimilator  
  190  20:41  Assimilator  
  190  20:43  Tempest x2  
  200  21:08  Protoss Shields Level 3 (Chrono Boost), Photon Cannon  
  200  21:10  Photon Cannon  
  200  21:11  Photon Cannon  
  200  21:12  Photon Cannon  
  200  21:13  Photon Cannon  
  200  21:14  Shield Battery, Photon Cannon  
  200  21:15  Shield Battery  
  200  21:16  Shield Battery, Photon Cannon, Pylon  
  192  21:19  Shield Battery  
  192  21:20  Pylon  
  192  21:21  Photon Cannon  
  192  21:22  Zealot x4  
  192  21:23  Protoss Air Armor Level 3 (Chrono Boost)  
  192  21:24  Pylon  
  198  21:26  Pylon  
  198  21:30  Photon Cannon  
  198  21:32  Oracle  
  196  21:51  Zealot x2  
  196  22:29  Tempest  
  199  22:31  Photon Cannon  
  199  22:33  Photon Cannon  
  199  22:36  Pylon  
  199  22:39  Photon Cannon  
  196  23:00  Disruptor x2  
  196  23:03  Tempest  
  196  23:11  Unknown, Tempest  
  195  23:13  Oracle  
  185  23:25  Tempest  
  186  23:27  Gateway  
  186  23:31  Gateway, Assimilator  
  183  23:46  Tempest  
  188  23:50  Oracle  
  188  23:54  Tempest  
  196  24:05  Observer  
  197  24:31  Assimilator  
  197  24:37  Oracle  
  200  24:45  Oracle  
  200  25:15  Protoss Ground Armor Level 1 (Chrono Boost)  
  200  25:28  Photon Cannon, Pylon  
  195  25:45  Tempest  
  197  26:02  Observer  
  197  26:20  Gateway x2  
  197  26:24  Gateway x2  
  197  27:03  Oracle  
  197  27:06  Protoss Ground Armor Level 2 (Chrono Boost)  
  197  27:15  Assimilator  
  200  27:37  Mothership  
  189  28:06  Tempest  
  189  28:07  Tempest  
  197  28:15  Oracle  
  198  28:42  Observer  
  192  29:18  Protoss Ground Armor Level 3 (Chrono Boost)  
  184  29:50  Zealot x4  
  184  29:51  Zealot x3  
  197  29:53  Probe (Chrono Boost)  
  197  29:55  Zealot x2  
  200  30:04  Oracle (Chrono Boost)  
  200  30:13  Assimilator  
  191  30:50  Oracle  
  190  30:57  Tempest  
  190  30:58  Oracle  
  198  31:15  Mothership (Chrono Boost)  
  179  31:21  Tempest  
  162  31:27  Tempest (Chrono Boost)  
  155  31:38  Oracle (Chrono Boost)  
  155  31:39  Disruptor x3  
  161  31:45  Tempest (Chrono Boost)  
  152  32:04  Tempest (Chrono Boost)  
  156  32:15  Disruptor (Chrono Boost)  
  159  32:17  Nexus  
  159  32:18  Disruptor (Chrono Boost)  
  162  32:36  Tempest x2  
  162  32:37  Tempest  
  177  32:44  Photon Cannon  
  177  32:46  Photon Cannon  
  177  32:47  Tempest, Photon Cannon  
  177  32:50  Assimilator  
  176  33:02  Dark Templar x2  
  176  33:03  Zealot x8  
  176  33:04  Zealot  
  191  33:19  Tempest  
  169  33:22  Dark Templar x2  
  169  33:23  Dark Templar x3  
  154  33:37  Stalker x8  
  154  33:38  Stalker  
  154  33:39  Mothership (Chrono Boost)  
  158  33:41  Disruptor (Chrono Boost)  
  162  33:56  Archon x2  
  162  33:58  Zealot x5  
  172  34:03  Tempest x3  
  187  34:12  Zealot x6  
  187  34:13  Zealot  
  187  34:15  Zealot x3  
  187  34:17  Observer  
  197  34:25  Dark Templar  
  199  34:40  Nexus, Pylon  
  199  34:46  Photon Cannon  
  199  34:47  Photon Cannon  
  199  34:49  Shield Battery  
  199  34:50  Shield Battery  
  199  34:52  Disruptor (Chrono Boost)  
  191  35:04  Oracle (Chrono Boost)  
  191  35:09  Observer  
  194  35:21  Zealot x3  
  181  35:30  Disruptor (Chrono Boost)  
  184  35:40  Carrier x2 (Chrono Boost)  
  195  36:57  Zealot  
  189  37:13  Disruptor  
  180  37:52  Carrier x2  
  192  37:59  Pylon  
  192  38:03  Photon Cannon  
  192  38:05  Photon Cannon  
  192  38:25  Nexus  
  192  38:28  Pylon  
  170  38:37  Zealot x6  
  170  38:38  Zealot x8  
  170  38:39  Disruptor  
  74  39:08  Stalker x12  
  74  39:09  Stalker x2  
  65  39:27  Nexus  
  65  39:29  Zealot x9  
  75  39:39  Zealot x3  
  75  39:40  Zealot x2  
  55  39:48  Zealot x2  
  55  39:49  Zealot x7  
  52  40:01  Stalker x3  
  52  40:02  Stalker  
  60  40:09  Zealot x7  
  30  40:31  Zealot x6  
Tags
 
Add a new tag
Caveats
  • Supply blocks, unpowered buildings, or Contaminate may cause inaccurate times.
  • Supply counts are checked every 10 seconds.